 Dungeon Crawl Stone Soup version 0.23.2-1-ga50397a6bc (webtiles) character file.

Game seed: 11346784276367131487

38 Gargoyl the Skirmisher (level 3, -10/31 HPs)
             Began as a Centaur Abyssal Knight on May 7, 2019.
             Was a Follower of Lugonu.
             Mangled by a gnoll
             ... wielding a +0 halberd
              (16 damage)
             ... on level 2 of the Dungeon.
             The game lasted 00:01:19 (1454 turns).

Gargoyl the Skirmisher (Centaur Abyssal Knight)     Turns: 1454, Time: 00:01:20

Health: -10/31     AC:  5    Str: 14    XL:     3   Next: 25%
Magic:  4/4        EV:  8    Int: 11    God:    Lugonu [*.....]
Gold:   56         SH:  0    Dex:  9    Spells: 2/2 levels left

rFire    + . .     SeeInvis .   a - +1 hand axe
rCold    . . .     Gourm    .   (no shield)
rNeg     . . .     Faith    .   f - +0 ring mail
rPois    .         Spirit   .   (no helmet)
rElec    .         Reflect  .   (no cloak)
rCorr    .         Harm     .   (no gloves)
MR       .....                  (no barding)
Stlth    ..........             (no amulet)
HPRegen  0.10/turn              d - ring of protection from fire
MPRegen  0.09/turn              (no ring)

@: very quick
A: large, hooves 3, deformed body, speed 2, tough skin 3
a: Depart the Abyss, Renounce Religion


You were on level 2 of the Dungeon.
You worshipped Lugonu.
Lugonu was aware of your devotion.
You were not hungry.

You visited 1 branch of the dungeon, and saw 2 of its levels.
You visited the Abyss 1 time.

You collected 56 gold pieces.

Inventory:

Hand Weapons
 a - a +1 hand axe (weapon)
Armour
 f - a +0 ring mail (worn)
Jewellery
 d - a ring of protection from fire (left hand)
Scrolls
 e - a scroll of remove curse {unknown}
 h - a scroll of enchant weapon {unknown}
 j - a scroll of enchant armour {unknown}
 l - a scroll of amnesia {unknown}
Potions
 b - a potion of curing {unknown}
 g - a potion of brilliance {unknown}
 i - 2 potions of heal wounds {unknown}
 k - a potion of degeneration {unknown}
Comestibles
 c - 5 rations
 m - a chunk of flesh


   Skills:
 + Level 3.5 Fighting
 + Level 2.0 Axes
 * Level 1.8 Armour
 * Level 1.0 Dodging
 * Level 2.3 Invocations


You had 2 spell levels left.
You didn't know any spells.
Your spell library was empty.

Dungeon Overview and Level Annotations

Branches:
Dungeon (2/15)

Altars:


Innate Abilities, Weirdness & Mutations

You have hooves in place of feet.
Armour fits poorly on your strangely shaped body.
You cover ground very quickly.
You have extremely tough skin. (AC +3)


Message History

A gnoll comes into view. It is wielding a +0 halberd.
The gnoll hits you with a +0 flail.
You hit the gnoll.
The gnoll is moderately wounded.
You hit the rat. The rat barely misses you. The gnoll hits you with a +0 flail!
You barely miss the gnoll.
The gnoll is moderately wounded.
You closely miss the rat. The rat bites you but does no damage.
The gnoll hits you with a +0 flail! The rat closely misses you.
You hit the gnoll but do no damage.
The gnoll is moderately wounded.
You hit the rat.
You kill the rat!
Lugonu accepts your kill. The gnoll hits you with a +0 flail.
* * * LOW HITPOINT WARNING * * *
The gnoll hits you but does no damage.
The gnoll hits you from afar with a +0 halberd!
Ouch! That really hurt!
You die...

## #.# ##..#
##..#.####
#.@.......
.......#g#.####
##..##g ..# #.
.. .... .?.
.###. ..#. .# #
..... .# #...##
.#


You could see 2 gnolls.

Vanquished Creatures
  A gnoll (D:1)
  A leopard gecko (D:1)
  2 giant cockroaches (D:1)
  3 hobgoblins (D:1)
  3 kobolds (D:1)
  A bat (D:1)
  3 frilled lizards (D:1)
  9 goblins (D:1)
  2 rats
25 creatures vanquished.

Notes
Turn   | Place    | Note
-------+----------+-------------------------------------------
     0 | Abyss:1  | Gargoyl the Centaur Abyssal Knight began the quest for the
                  | Orb.
     0 | Abyss:1  | Reached XP level 1. HP: 19/19 MP: 2/2
     0 | Abyss:1  | Found a corrupted altar of Lugonu.
    41 | Abyss:1  | Noticed a ynoxinul
    41 | Abyss:1  | Noticed a small abomination
    43 | D:1      | Escaped the Abyss
   341 | D:1      | Reached * piety under Lugonu
   482 | D:1      | Reached XP level 2. HP: 23/26 MP: 3/3
   857 | D:1      | Reached skill level 1 in Dodging
  1342 | D:1      | Reached XP level 3. HP: 31/31 MP: 4/4
  1454 | D:2      | Mangled by a gnoll

Skill      XL: |  1  2 |
---------------+-------+-----
Dodging        | 1 |  1.0
Axes           | 2 |  2.0
Fighting       | |  3.5
Armour         | |  1.8
Invocations    | |  2.3

Action                   || total
-------------------------++-------
Melee: Hand axe          ||    53
       Kick              ||    10
Invok: Depart the Abyss  ||     1
  Eat: Chunk             ||     1
Armor: Leather armour    ||     5
       Ring mail         ||    24
Dodge: Dodged            ||    32
